 Dungeon Crawl Stone Soup version 0.29-a0-298-g3c90f9a769 (webtiles) character file.

Game seed: 4473574391741329306

13 Armakuni the Caller (level 2, -2/22 HPs)
             Began as a Human Wanderer on Mar 23, 2022.
             Killed from afar by Natasha (8 damage)
             ... with a magic dart
             ... on level 2 of the Dungeon.
             The game lasted 00:02:25 (761 turns).

Armakuni the Caller (Human Wanderer)                 Turns: 761, Time: 00:02:26

Health: -2/22      AC:  3    Str: 12    XL:     2   Next: 50%
Magic:  5/5        EV: 10    Int:  9    God:
Gold:   69         SH:  4    Dex: 15    Spells: 4/5 levels left

rFire   . . .      SeeInvis .   a - +0 dagger
rCold   . . .      Faith    .   b - +0 buckler
rNeg    . . .      Spirit   .   d - +0 leather armour
rPois   .          Reflect  .   (no helmet)
rElec   .          Harm     .   (no cloak)
rCorr   .          Rampage  .   (no gloves)
Will    .....                   (no boots)
Stlth   +.........              (no amulet)
HPRegen 0.07/turn               (no ring)
MPRegen 0.09/turn               (no ring)

@: flying, slowed, very slow
A: no striking features
a: no special abilities


You were on level 2 of the Dungeon.
You visited 1 branch of the dungeon, and saw 2 of its levels.

You collected 69 gold pieces.

Inventory:

Hand Weapons
 a - a +0 dagger (weapon)
Armour
 b - a +0 buckler (worn)
 d - a +0 leather armour (worn)
Scrolls
 c - a scroll of fog


   Skills:
 + Level 2.0 Fighting
 - Level 1.0 Throwing
 - Level 1.0 Stealth
 - Level 1.0 Shields
 - Level 1.0 Unarmed Combat
 - Level 2.0 Spellcasting
 - Level 4.0 Summonings


You had 4 spell levels left.
You knew the following spells:

 Your Spells              Type           Power      Damage    Failure   Level
a - Summon Small Mammal   Summ           32%        N/A       12%         1

Your spell library contained the following spells:

 Spells                   Type           Power      Damage    Failure   Level
 Call Imp                 Summ           8%         N/A       17%         2
 Call Canine Familiar     Summ           8%         N/A       34%         3


Dungeon Overview and Level Annotations

Branches:
Dungeon (2/15)

Altars:

Shops:
D:1 (

Annotations:
D:2 Natasha


Message History

Natasha is heavily wounded.
Natasha claws you but does no damage.
Your rat barely misses Natasha.
You hit Natasha but do no damage.
Natasha is heavily wounded.
Natasha casts a spell at you. The magic dart hits you.
Your rat bites Natasha but does no damage.
You hit Natasha but do no damage.
Natasha is heavily wounded.
Natasha claws you but does no damage.
Your rat closely misses Natasha.
You hit Natasha but do no damage.
Natasha is heavily wounded.
Natasha barely misses you.
Your rat closely misses Natasha.
You hit Natasha.
Natasha is severely wounded.
Natasha wildly gestures.
Natasha's front paws start to glow.
Natasha closely misses you.
Your rat barely misses Natasha.
You hit Natasha but do no damage.
Natasha is severely wounded.
Natasha claws you.
* * * LOW HITPOINT WARNING * * *
Your rat bites Natasha.
You closely miss Natasha.
Natasha is severely wounded.
Natasha barely misses you.
Your rat barely misses Natasha.
You hit Natasha but do no damage.
Natasha is severely wounded.
Natasha casts a spell at you.
You feel yourself slow down.
Your rat bites Natasha.
You closely miss Natasha.
Natasha is severely wounded.
Natasha claws you but does no damage.
Your rat bites Natasha.
Natasha closely misses you.
You hit Natasha.
Natasha is almost dead.
Your rat bites Natasha.
Natasha casts a spell at you. The magic dart hits you!
You die...

#'########## ..........#
#......# . #......#
####... ..
##......#####....... ...
#......rh..)'.......
...####'#####@#####)....##
..........# #.# .....#
..#.......# #.# .....#
#.......# ... ######
####..### ... #..###.....
..####..........
........##.......
######..# ....


You could see Natasha (ally target) and a friendly rat (summoned).

Vanquished Creatures
  2 ball pythons
  A giant cockroach (D:2)
  2 goblins (D:1)
  A bat (D:1)
  A frilled lizard (D:1)
  2 kobolds
  4 rats (D:1)
13 creatures vanquished.

Vanquished Creatures (collateral kills)
  A goblin (D:2)
1 creature vanquished.

Vanquished Creatures (others)
  80 plants (D:1)
80 creatures vanquished.

Grand Total: 94 creatures vanquished

Notes
Turn   | Place    | Note
-------+----------+-------------------------------------------
     0 | D:1      | Armakuni the Human Wanderer began the quest for the Orb.
     0 | D:1      | Armakuni set off with the following items: a +0 dagger, a
                  | +0 buckler, a scroll of fog, a +0 leather armour, a potion
                  | of attraction; and the following spell memorised: Summon
                  | Small Mammal; and the following spells available to
                  | memorise: Call Imp, Call Canine Familiar
     0 | D:1      | Reached XP level 1. HP: 13/13 MP: 3/3
    56 | D:1      | Found Ifawul's Weapon Emporium.
   228 | D:1      | Reached skill level 1 in Fighting
   370 | D:1      | Reached XP level 2. HP: 21/21 MP: 5/5
   740 | D:2      | Noticed Natasha
   761 | D:2      | Killed from afar by Natasha

Illustrated notes

Levels and vault maps discovered:
D:1:      roderic_crop_circles_arrival_small, layout_basic, serial_shops,
          nicolae_shop_bloodbath_and_beyond, st_stairs_12, chequers_jeans,
          minmay_pentomino_x4
D:2:      minmay_chambers_of_ones, layout_basic, ebering_ecumenical_altar_hall,
          serial_shops, shop, nicolae_shop_temple_entry_statues_fountains,
          shop_statue, uniq_natasha

Skill      XL: |  1  2 |
---------------+-------+-----
Fighting       | 1 2 |  2.0
Throwing       | |  1.0
Stealth        | |  1.0
Shields        | |  1.0
Unarmed Combat | |  1.0
Spellcasting   | |  2.0
Summonings     | |  4.0

Action                   || total
-------------------------++-------
Melee: Dagger            ||    67
 Cast: Summon Small Mamm ||     1
  Use: Scroll            ||     1
       Potion            ||     1
 Stab: Sleeping          ||     1
Armor: Leather armour    ||    17
Dodge: Dodged            ||    34
Block: Buckler           ||     8

Table legend: (Time is in decaauts)
 A = Elapsed time spent in this place.
 B = Non-inter-level travel time spent in this place.
 C = Inter-level travel time spent in this place.
 D = Time resting spent in this place.
 E = Time spent auto-exploring this place.
 F = Levels seen in this place.
 G = Mean time per level.
                   A        B        C        D        E       F      G
               +--------+--------+--------+--------+--------+-----+--------+
         Total |    763 |    748 |     15 |    355 |      0 |   2 |  381.5 |
       Dungeon |    763 |    748 |     15 |    355 |      0 |   2 |  381.5 |
               +--------+--------+--------+--------+--------+-----+--------+

Top non-repeatable levels by time:
     D:1: 494 daAuts
     D:2: 269 daAuts
